 Dungeon Crawl Stone Soup version 0.30-a0-911-g314a488 (webtiles) character file.

Game seed: 1332941821078309827

22 Illumine the Shield-Bearer (level 2, -2/16 HPs)
             Began as a Vine Stalker Fighter on Mar 18, 2023.
             Killed from afar by Jessica (5 damage)
             ... with a bolt of light
             ... on level 1 of the Dungeon.
             The game lasted 00:01:33 (486 turns).

Illumine the Shield-Bearer (Vine Stalker Fighter)    Turns: 486, Time: 00:01:34

Health: -2/16      AC:  6    Str: 18    XL:     2   Next: 91%
Magic:  0/3        EV:  9    Int:  8    God:
Gold:   38         SH:  0    Dex: 13    Spells: 1/1 levels left

rFire   . . .      SeeInvis .    a - +0 rapier
rCold   . . .      Faith    .    c - +0 buckler
rNeg    . . .      Spirit   +    b - +0 scale mail
rPois   .          Reflect  .    (no helmet)
rElec   .          Rampage  .    (no cloak)
rCorr   .                        (no gloves)
Will    .....                    (no boots) Stlth
                                 (no amulet)
HPRegen 0.22/turn                (no ring)
MPRegen 0.08/turn                (no ring)

@: confused
A: fangs 2, magic shield, antimagic bite, no potion heal 2
a: no special abilities


You were on level 1 of the Dungeon.
You visited 1 branch of the dungeon, and saw 2 of its levels.

You collected 38 gold pieces.

Inventory:

Hand Weapons
 a - a +0 rapier (weapon)
Missiles
 e - 4 poisoned darts (quivered)
Armour
 b - a +0 scale mail (worn)
 c - a +0 buckler (worn)
Scrolls
 g - a scroll of enchant armour {unknown}
 i - a scroll of teleportation {unknown}
 j - a scroll of torment {unknown}
Potions
 d - a potion of might
 f - a potion of curing {unknown}
 h - 2 potions of heal wounds {unknown}


   Skills:
 + Level 2.9 Fighting
 * Level 2.3 Short Blades
 + Level 2.6 Armour
 + Level 2.9 Shields


You had one spell level left.
You didn't know any spells.
Your spell library was empty.

Dungeon Overview and Level Annotations

Branches:
Dungeon (2/15)

Altars:

Shops:
D:1 *

Annotations:
D:1 Jessica


Innate Abilities, Weirdness & Mutations

You have extremely sharp teeth.
When hurt, damage is shared between your health and your magic reserves.
Your bite disrupts and absorbs the magic of your enemies.
Potions cannot restore your health.


Message History

A bat is nearby!
You hit the bat.
You kill the bat!
You see here a bat corpse.
No target in view!
No target in view!
Found a stone staircase leading up.
No target in view!
A goblin comes into view. It is wielding a +0 dagger.
The goblin shouts!
Jessica the Apprentice Sorceress comes into view.
She is wielding a +0 dagger and carrying a wand of light (10).
There are monsters nearby!
A dart slug comes into view.
The goblin hits you but does no damage.
An endoplasm comes into view.
You barely miss the goblin. You bite the goblin, but do no damage.
The goblin barely misses you. Jessica attacks as you move away!
Jessica hits you with a +0 dagger.
There is a stone staircase leading up here.
Jessica hits you with a +0 dagger. The goblin hits you but does no damage.
You climb upwards.
There is a stone staircase leading down here.
Unknown command.
You hit the goblin.
You kill the goblin!
Jessica mumbles some strange words.
Jessica blinks!
You see here a +0 dagger.
Jessica zaps a wand.
The bolt of light hits you!
Ouch! That really hurt!
* * * LOW HITPOINT WARNING * * *
Jessica gestures wildly while chanting.
Jessica blinks!
Throw: 5 darts (poison)
Press: ? - help, Q - select action Shift-Dir - straight line, f - Jessica
Aim: Jessica, wielding a +0 dagger, wearing a +0 robe and carrying a wand of light (9) (57% to hit)
You throw a poisoned dart. The poisoned dart hits Jessica.
Jessica is poisoned.
Jessica zaps a wand.
The bolt of light hits you!
You are confused.
You die...

.#.#.# #.........###.......## #
...#.####.#######>##.........####
..........# #).+.......†.'...
..##.####.# #@##.........####
.)...# #.# #.###.......## #
..#### #.# #.# ##.....## #.# #.#
#.# ##...####### #.## #.#######.#
##+##...... ...# #.......@.#
#.##.##### ...# ########.##
#.##.# ### ...# #.#######.##.#
#.. #.# #............# #.# #.#
#..##.#......###.# ..#
#..##.##...#...... ###
#..##....†##.###.# #
#................# #
##.##.###.##.#####


You could see Jessica (poisoned).

Vanquished Creatures
  A worm (D:2)
  2 endoplasms (D:1)
  A giant cockroach (D:1)
  2 goblins (D:1)
  4 jackals (D:2)
  A quokka (D:2)
  A ball python (D:2)
  2 bats
  3 frilled lizards
17 creatures vanquished.

Notes
Turn   | Place    | Note
-------+----------+-------------------------------------------
     0 | D:1      | Illumine the Vine Stalker Fighter began the quest for the
                  | Orb.
     0 | D:1      | Reached XP level 1. HP: 11/11 MP: 2/2
   182 | D:1      | Found Jealo's Assorted Antiques.
   301 | D:1      | Reached XP level 2. HP: 14/16 MP: 3/3
   369 | D:1      | You fall into a shaft and drop 1 floor!
   471 | D:2      | Noticed Jessica
   486 | D:1      | Killed from afar by Jessica

Illustrated notes

Levels and vault maps discovered:
D:1:      dpeg_arrival_tiny_d, layout_loops_corners, serial_shops,
          shop_fountains
D:2:      layout_rooms, shapermc_ecumenical_altar_acropolis, uniq_jessica

Skill      XL: |  1 |
---------------+----+-----
Short Blades   | 2 |  2.3
Fighting       | |  2.9
Armour         | |  2.6
Shields        | |  2.9

Action                     || total
---------------------------++-------
  Melee: Rapier            ||    54
         Bite              ||    17
  Throw: Dart              ||     1
 Armour: Scale mail        ||    28
  Dodge: Dodged            ||    28
  Block: Buckler           ||     6

Table legend: (Time is in decaauts)
 A = Elapsed time spent in this place.
 B = Non-inter-level travel time spent in this place.
 C = Inter-level travel time spent in this place.
 D = Time resting spent in this place.
 E = Time spent auto-exploring this place.
 F = Levels seen in this place.
 G = Mean time per level.
                   A        B        C        D        E       F      G
               +--------+--------+--------+--------+--------+-----+--------+
         Total |    493 |    493 |      0 |      0 |    352 |   2 |  246.5 |
       Dungeon |    493 |    493 |      0 |      0 |    352 |   2 |  246.5 |
               +--------+--------+--------+--------+--------+-----+--------+

Top non-repeatable levels by time:
     D:1: 382 daAuts
     D:2: 111 daAuts
